 Dungeon Crawl Stone Soup version 0.23-a0-650-ga4d50d4 (console) character file.

9 Duffy the Firebug (level 2, 19/19 HPs)
             Began as a Demonspawn Fire Elementalist on Jan 4, 2019.
             Quit the game on level 1 of the Dungeon.
             The game lasted 00:00:24 (744 turns).

Duffy the Firebug (Demonspawn Fire Elementalist)     Turns: 744, Time: 00:00:24

Health: 19/19      AC:  2    Str:  8    XL:     2   Next: 3%
Magic:  1/5        EV: 12    Int: 16    God:
Gold:   15         SH:  0    Dex: 13    Spells: 4/5 levels left

rFire    + . .     SeeInvis .   d - -1 spear (curse)
rCold    . . .     Gourm    .   (no shield)
rNeg     . . .     Faith    .   a - +0 robe
rPois    .         Spirit   .   (helmet restricted)
rElec    .         Reflect  .   (no cloak)
rCorr    .         Harm     .   (no gloves)
MR       .....                  (no boots)
Stlth    ++........             (no amulet)
HPRegen  0.06/turn              e - ring of protection from fire
MPRegen  0.09/turn              (no ring)

@: no status effects
A: horns 1
a: no special abilities


You were on level 1 of the Dungeon.
You were not hungry.

You visited 1 branch of the dungeon, and saw 1 of its levels.

You collected 15 gold pieces.

Inventory:

Hand Weapons
 d - a cursed -1 spear (weapon)
Armour
 a - a +0 robe (worn)
Jewellery
 e - a ring of protection from fire (left hand)
Scrolls
 b - a scroll of fear {unknown}
 g - a scroll of identify {unknown}
 h - a scroll of remove curse {unknown}
Comestibles
 c - a ration
 f - 2 chunks of flesh


   Skills:
 - Level 1.7 Dodging
 - Level 1.7 Stealth
 + Level 2.2 Spellcasting
 + Level 1.3 Conjurations
 + Level 2.9 Fire Magic


You had 4 spell levels left.
You knew the following spells:

 Your Spells              Type           Power        Failure   Level  Hunger
h - Flame Tongue          Conj/Fire      #....        9%          1    #......

Your spell library contained the following spells:

 Spells                   Type           Power        Failure   Level  Hunger
 Throw Flame              Conj/Fire      #.....       13%         2    ###....
 Conjure Flame            Conj/Fire      #.......     26%         3    ###....
 Inner Flame              Hex/Fire       #.......     32%         3    ###....
 Sticky Flame             Conj/Fire      #.......     63%         4    #####..
 Fireball                 Conj/Fire      #.........   93%         5    ######.


Dungeon Overview and Level Annotations

Branches:
Dungeon (1/15)

Altars:


Innate Abilities, Weirdness & Mutations

You have a pair of small horns on your head.


Message History

Some of the chunks of flesh in your inventory have rotted away.
A kobold comes into view. It is wielding a +0 dagger.
A kobold is nearby!
Casting: Flame Tongue (safe; 9% risk of failure)
Confirm with . or Enter, or press ? or * to list all spells.
Aiming: Flame Tongue (safe; 9% risk of failure)
Press: ? - help, Shift-Dir - straight line, f - kobold
Aim: a kobold, wielding a +0 dagger (resting)
The flame tongue hits the kobold.
The kobold appears unharmed.
Casting: Flame Tongue (safe; 9% risk of failure)
Confirm with . or Enter, or press ? or * to list all spells.
Aiming: Flame Tongue (safe; 9% risk of failure)
Press: ? - help, Shift-Dir - straight line, f/p - kobold
Aim: a kobold, wielding a +0 dagger The flame tongue hits the kobold.
You kill the kobold!
You have reached level 2!
Your demonic ancestry asserts itself...
A pair of horns grows on your head!
Are you sure you want to abandon this character and quit the game? (Confirm

#### ### ######## #..
..# #......# #)# #.#
#.####.#
#@#####.####.####.#
#.##.##.#.......#.#
#.#.......##.##.#.#
..#.......####.##....
#.......#.# #.##.#.#
#...#.#...#.#
#......#
#.#.#.......#
####.... .. .
####.#### #.##. # ##
##+## #.##.


There were no monsters in sight!

Vanquished Creatures
  A ball python (D:1)
  2 giant cockroaches (D:1)
  4 bats (D:1)
  2 kobolds (D:1)
9 creatures vanquished.

Notes
Turn   | Place    | Note
-------+----------+-------------------------------------------
     0 | D:1      | Duffy the Demonspawn Fire Elementalist began the quest for
                  | the Orb.
     0 | D:1      | Reached XP level 1. HP: 13/13 MP: 3/3
   743 | D:1      | Gained mutation: You have a pair of small horns on your
                  | head. [demonic ancestry]
   743 | D:1      | Reached XP level 2. HP: 19/19 MP: 1/5
   744 | D:1      | Quit the game

Vault maps used:
D:1:      onia_arrival_mini_spirals

Action                   || total
-------------------------++-------
Melee: Spear             ||     7
 Cast: Flame Tongue      ||    16
Armor: Robe              ||     6
Dodge: Dodged            ||    12

Table legend:
 A = Non-vault XP
 B = Vault XP
 C = Vault XP percentage of total XP
 D = Non-vault monster count
 E = Vault monster count
 F = Vault count percentage of total count
                 A         B        C        D         E       F
            +---------+---------+-------+---------+---------+-------
      Total |      13 |       0 |   0.0 |       9 |       0 |   0.0
            +---------+---------+-------+---------+---------+-------
        D:1 |      13 |       0 |   0.0 |       9 |       0 |   0.0
            +---------+---------+-------+---------+---------+-------
